AoeStats
← 夢裡甚麼都有

Black Forest

505652205Analyzed
4v4 RM · 23d ago on Sep 10, 2026· 40m 34s· 8 players
Game mode
Random Map
Map size
Large (8 player)
Population
200
Speed
Normal
Resources
Standard
Victory
Conquest
Starting age
Dark Age
Ending age
Imperial Age
RankedLock teamsTeams togetherTeam positionsShared explorationLock speedFull tech treeHidden civsTurbo modeCheats
Victory
Defeat
🇭🇰 Britons · Hong Kong SAR China
1601
+8
🇨🇳 Slavs · China
1368
+17
🇨🇳 Franks · China
1305
+19
🇹🇼 Burmese · Taiwan
1214
+23
🇨🇳 Mongols · China
1592
-23
🇨🇳 Mongols · China
1539
-23
1390
-17
🇨🇳 Bohemians · China
1006
-4
B站胡某怎么还在种田
11:14 Feudal Age
12:05 Double-Bit Axe
14:51 Castle Age
12:47 Horse Collar
14:53 Wheelbarrow
15:52 Bow Saw
15:44 Heavy Plow
21:29 Loom
26:17 Hand Cart
30:21 Imperial Age
28:14 Gold Mining
28:17 Stone Mining
30:16 Gold Shaft Mining
29:52 Scale Barding Armor
29:57 Forging
30:04 Caravan
30:24 Town Watch
31:00 Chain Barding Armor
31:29 Conscription
30:59 Heavy Scorpion
31:00 Capped Ram
31:55 Siege Engineers
32:12 Ballistics
33:06 Chemistry
33:04 Plate Barding Armor
33:05 Iron Casting
32:54 Ballistas
32:35 Siege Ram
34:23 Crop Rotation
34:08 Masonry
33:22 Elite Centurion
34:07 Husbandry
34:18 Bloodlines
34:15 Fletching
36:15 Comitatenses
37:28 Blast Furnace
36:24 Bodkin Arrow
40:05 Coinage
DT-Johnson【东】
5:46 Loom
11:41 Feudal Age
12:41 Double-Bit Axe
12:38 Horse Collar
15:28 Castle Age
16:29 Bow Saw
16:28 Heavy Plow
17:17 Wheelbarrow
24:44 Gold Mining
25:19 Hand Cart
25:39 Stone Mining
29:44 Imperial Age
28:01 Stone Shaft Mining
27:20 Fletching
27:32 Padded Archer Armor
28:06 Bodkin Arrow
28:52 Gold Shaft Mining
29:12 Ballistics
29:05 Masonry
29:38 Leather Archer Armor
30:47 Conscription
29:51 Elite Mangudai
31:08 Bracer
32:12 Chemistry
31:18 Siege Engineers
31:09 Murder Holes
33:03 Thumb Ring
33:31 Parthian Tactics
33:38 Husbandry
33:49 Bloodlines
33:46 Caravan
35:57 Hoardings
37:09 Scale Barding Armor
38:44 Nomads
39:04 Drill
40:09 Coinage
胡乱敲键盘
3:19 Loom
14:54 Feudal Age
17:24 Double-Bit Axe
20:18 Horse Collar
24:53 Scale Barding Armor
24:53 Padded Archer Armor
29:48 Castle Age
33:05 Wheelbarrow
33:02 Bow Saw
39:46 Heavy Plow
43:28 Imperial Age
Coriandrum sativum
10:28 Feudal Age
13:59 Castle Age
12:02 Double-Bit Axe
12:20 Horse Collar
15:08 Bow Saw
18:39 Loom
21:26 Medium Warships
23:54 Wheelbarrow
24:54 Stone Mining
24:59 Gold Mining
26:26 Hand Cart
29:21 Imperial Age
27:59 Hand Cart
28:18 Bloodlines
28:08 Husbandry
28:46 Scale Barding Armor
28:51 Forging
28:50 Heavy Plow
30:12 Chain Barding Armor
29:43 Elite Steppe Lancer
31:44 Iron Casting
33:05 Capped Ram
35:01 Conscription
34:15 Siege Ram
35:47 Conscription
36:18 Light Cavalry
38:01 Blast Furnace
37:13 Caravan
37:29 Onager
38:38 Heavy Scorpion
40:21 Fletching
cccccccccc
2:15 Loom
11:06 Feudal Age
16:56 Castle Age
19:34 Horse Collar
24:20 Heavy Plow
27:09 Gold Mining
28:07 Wheelbarrow
31:54 Imperial Age
29:42 Hand Cart
31:49 Gold Shaft Mining
31:25 Scale Barding Armor
31:31 Forging
32:52 Chain Barding Armor
34:27 Elite Battle Elephant
35:17 Bloodlines
35:08 Husbandry
35:44 Plate Barding Armor
35:44 Iron Casting
39:48 Blast Furnace
xrw
1:05 Loom
10:00 Feudal Age
11:18 Double-Bit Axe
13:43 Wheelbarrow
13:55 Wheelbarrow
13:09 Fishing Lines
19:27 Castle Age
20:12 Gillnets
20:39 Bow Saw
26:32 Horse Collar
31:06 Imperial Age
28:52 Fletching
29:30 Scale Barding Armor
29:17 Gold Mining
29:56 Bodkin Arrow
30:45 Gold Shaft Mining
31:52 Forging
32:39 Conscription
33:31 Chemistry
31:58 Capped Ram
33:09 Onager
35:50 Siege Ram
37:58 Chain Barding Armor
38:01 Pikeman
39:21 Squires
39:31 Halberdier
ljysdd
9:50 Feudal Age
13:56 Castle Age
13:48 Double-Bit Axe
26:13 Wheelbarrow
26:45 Scale Barding Armor
26:52 Forging
27:03 Husbandry
27:15 Gold Mining
27:52 Chain Barding Armor
30:46 Imperial Age
28:40 Hand Cart
28:56 Bow Saw
30:03 Iron Casting
29:49 Stone Mining
30:37 Gold Shaft Mining
30:59 Cavalier
32:23 Plate Barding Armor
32:49 Blast Furnace
33:32 Paladin
38:15 Scale Mail Armor
38:37 Conscription
38:39 #83
夢裡甚麼都有
0:45 Loom
10:01 Feudal Age
11:27 Fletching
12:23 Fletching
17:36 Forging
19:36 Double-Bit Axe
23:58 Castle Age
22:54 Horse Collar
23:06 Stone Mining
23:14 Fishing Lines
24:05 Light Cavalry
25:04 Husbandry
27:01 Iron Casting
27:36 Iron Casting
27:08 Bodkin Arrow
28:05 Gillnets
34:30 Imperial Age
32:39 Padded Archer Armor
33:43 Murder Holes
34:11 Ballistics
34:09 Gold Mining
35:00 Wheelbarrow
34:55 Bow Saw
35:22 Leather Archer Armor
35:26 Bracer
36:31 Chemistry
37:13 Fortified Wall
38:10 Hand Cart
39:03 Gold Shaft Mining
Connection lost

Rejoining the realm…

Still unreachable

The connection could not be restored.

Session expired

The server has moved on; the page needs a fresh start.